Map: King's Cove LE

Players

Tarnasa

  • Race: Terran Terran
  • League: Platinum
  • Spawn Location: 11:00

Katfish - Winner!

  • Race: Protoss Protoss
  • League: Diamond
  • Spawn Location: 5:00

VOD

Have the link to the VOD?

Description

Time

  • Played on: March 30, 2019, 2:14 p.m.
  • Length: 6:27
Show
View Real Time Build Order
Export as new Build Order

Tarnasa Terran 

Build Orders:  

Get SALT Encoding   

  12  0:00  SCV  
  13  0:13  SCV  
  14  0:18  Supply Depot  
  14  0:25  SCV  
  15  0:40  SCV, Barracks  
  16  0:49  Supply Depot  
  16  0:52  SCV  
  17  1:04  SCV  
  17  1:08  Barracks  
  19  1:18  SCV  
  18  1:27  Marine  
  18  1:30  SCV  
  19  1:49  SCV  
  19  1:52  Barracks  
  20  2:00  Marine  
  22  2:07  SCV  
  23  2:18  Marine  
  23  2:44  SCV  
  23  2:46  Marine  
  23  2:55  Supply Depot  
  23  2:56  Supply Depot  
  23  3:17  Marine x3  
  26  3:21  Supply Depot  
  26  3:24  Barracks  
  27  3:27  Orbital Command  
  27  3:30  Supply Depot  
  26  3:35  Marine x3  
  29  3:53  Marine x2  
  29  3:54  Marine  
  29  3:55  SCV  
  33  3:58  Supply Depot  
  33  4:00  Supply Depot  
  31  4:11  Marine x3  
  31  4:12  Marine  
  31  4:29  Marine x3  
  31  4:30  Marine  
  31  4:31  SCV  
  31  4:36  Barracks  
  30  4:43  SCV  
  30  4:46  Marine x2  
  30  4:47  Marine  
  30  4:48  Marine  
  31  4:55  SCV  
  29  5:02  Barracks  
  29  5:03  Barracks  
  29  5:04  Marine x2  
  29  5:05  Marine  
  32  5:07  SCV, Marine  
  34  5:19  SCV  
  32  5:22  Marine  
  32  5:23  Marine x2  
  35  5:31  SCV  
  34  5:41  Engineering Bay, Marine x2  
  37  5:47  Marine  
  37  5:48  Marine  
  37  5:49  SCV  
  36  5:57  Marine  
  33  5:58  Marine  
  33  5:59  Marine  
  33  6:01  SCV  
  33  6:04  Marine  
  35  6:05  Marine x2  
  35  6:08  Missile Turret  
  38  6:14  SCV  
Show
View Real Time Build Order
Export as new Build Order

Katfish Protoss - Winner!

Build Orders:  

Get SALT Encoding   

  1  0:00  Probe  
  12  0:05  Probe  
  14  0:18  Pylon  
  14  0:21  Probe  
  15  0:36  Probe  
  15  0:39  Forge  
  16  1:04  Pylon  
  16  1:14  Probe  
  17  1:23  Photon Cannon  
  17  1:25  Photon Cannon  
  17  1:30  Gateway  
  17  1:38  Probe  
  18  1:50  Assimilator  
  18  1:53  Pylon  
  18  2:01  Probe  
  19  2:14  Photon Cannon  
  19  2:21  Cybernetics Core, Probe  
  20  2:29  Zealot  
  22  2:33  Probe  
  22  2:34  Assimilator  
  23  2:48  Probe  
  24  3:00  Zealot, Probe  
  24  3:05  Stargate  
  27  3:11  Probe, Shield Battery  
  28  3:19  Probe  
  28  3:22  Shield Battery  
  29  3:31  Probe  
  29  3:35  Warp Gate  
  29  3:39  Void Ray  
  30  3:51  Probe  
  30  3:52  Zealot  
  37  4:03  Pylon  
  37  4:13  Void Ray  
  37  4:44  Pylon  
  37  4:51  Fleet Beacon  
  37  4:56  Probe  
  38  5:10  Shield Battery  
  38  5:11  Shield Battery  
  38  5:14  Shield Battery  
  38  5:22  Shield Battery  
  38  5:25  Tempest  
  43  5:41  Pylon  
  43  5:48  Stargate  
  43  6:06  Nexus  
Tags
 
Add a new tag
Caveats
  • Supply blocks, unpowered buildings, or Contaminate may cause inaccurate times.
  • Supply counts are checked every 10 seconds.